 Dungeon Crawl Stone Soup version 0.31-a0-691-g409c26aa35 (webtiles) character file.

Game seed: 3253101205877841931

89 JaaP the Chopper (level 4, -1/41 HPs)
             Began as a Hill Orc Cinder Acolyte on Sept 6, 2023.
             Was an Initiate of Ignis.
             Killed by divine providence
             ... invoked by an orc priest
              (15 damage)
             ... on level 2 of the Dungeon.
             The game lasted 00:28:45 (1496 turns).

JaaP the Chopper (Hill Orc Cinder Acolyte)          Turns: 1496, Time: 00:28:46

Health: -1/41      AC:  6    Str: 16    XL:     4   Next: 55%
Magic:  5/5        EV: 11    Int: 14    God:    Ignis [......]
Gold:   89         SH:  0    Dex:  8    Spells: 5/5 levels left

rFire   . . .        a - +0 hand axe (flame)
rCold   + . .        (no shield)
rNeg    . . .        d - +0 leather armour
rPois   .            (no helmet)
rElec   .            z - +2 cloak
rCorr   .            (no gloves)
SInv    .            (no boots)
Will    .....        (no amulet) Stlth
                     v - ring of ice
HPRegen 0.26/turn    (no ring)
MPRegen 0.09/turn

%: no passive effects
@: confused
A: no striking features
a: Renounce Religion, Convert to Beogh


You were on level 2 of the Dungeon.
You worshipped Ignis.
Ignis was noncommittal.
You visited 1 branch of the dungeon, and saw 2 of its levels.

You collected 89 gold pieces.

Inventory:

Hand Weapons
 a - a +0 hand axe of flaming (weapon)
 f - a +0 club
 g - a +0 dagger
 h - a +0 club
 j - a +0 dagger
 k - a +0 club
 n - a +0 whip
 o - a +0 dagger
 p - a +0 dagger
 u - a +0 short sword
 y - a +0 dagger
 A - a +1 flail of protection
Missiles
 i - 4 stones
 w - 3 boomerangs
Armour
 b - a +0 robe
 d - a +0 leather armour (worn)
 m - a +0 leather armour
 r - a +0 scale mail
 s - a +0 chain mail
 z - a +2 cloak (worn)
Jewellery
 v - a ring of ice (left hand)
Scrolls
 e - a scroll of poison (quivered)
 q - a scroll of identify
 t - a scroll of vulnerability
Potions
 c - a potion of enlightenment {unknown}
 l - a potion of lignification {unknown}
 x - a potion of curing {unknown}


   Skills:
 + Level 4.4 Fighting
 + Level 5.2 Axes
 + Level 0.4 Armour
 + Level 0.2 Dodging
 + Level 1.0 Spellcasting
 + Level 4.1 Fire Magic


You had 5 spell levels left.
You didn't know any spells.
Your spell library contained the following spells:

 Spells                   Type           Power      Damage    Failure   Level
 Scorch                   Fire           24%        2d6       9%          2


Dungeon Overview and Level Annotations

Branches:
Dungeon (2/15)

Altars:

Annotations:
D:2 Terence


Message History

The orc hits you with a +0 club.
You hit the hobgoblin. You burn the hobgoblin.
You kill the hobgoblin!
You closely miss something. You closely miss the orc.
You hear some strange, mumbled words.
A magic dart appears from out of thin air!
The magic dart hits you but does no damage.
The orc closely misses you.
You hit the orc. You burn the orc.
You kill the orc!
You hit something. You burn something. Something hits you.
An orc priest comes into view. It is wielding a +3 hand axe.
You miss something. You miss the ball python.
The orc priest shouts, "Beogh is our master!
Accept the truth or die!" (press Y on the ability menu to convert to Beogh)
Something hits you but does no damage. The ball python closely misses you.
The ball python barely misses you.
You closely miss something. You hit the ball python. You burn the ball python.
You kill the ball python!
Something hits you but does no damage.
You completely miss something.
You hear some strange, mumbled words.
A magic dart appears from out of thin air!
The magic dart hits you. Something hits you but does no damage.
The orc priest hits you with a +3 hand axe.
Items here: $ ) ††.
Okay, then.
Unknown command.
Something hits you.
The orc priest hits you with a +3 hand axe.
Found a scroll labelled GESKICKISAKK.
Something hits you but does no damage. Something hits you but does no damage.
You barely miss the orc priest. You miss something.
The orc priest hits you with a +3 hand axe!
Something hits you but does no damage.
You bump into the rock wall.
The orc priest calls down the wrath of Beogh upon you.
Beogh smites you!
You die...

#.......#,,,,,,,..(...@.....#
##.....##,,,,,,,............#
###...##,,,,,,,,..#........## #
#####*,*,,,,,,,,#........#
###...##..######**#........#
##.....##.#....# #........#
#.......#.#....# #........#*****
'....†..#.#....####.........,,,,,
#.......#.#....#@........,,,,,,,,
##.....##'#....#o........,,,,,,,,
###...##.......).........,,,,,,,,
..#####......).).....####**,,,,,,
#....)..............## *,,,,,,
#########....######'#**** *******
##'###** *,...,,********* #...,,*
*,?...,,,,,,,,,* ##...,*
*,.....,,,,,,,,*


You could see an orc priest.

Vanquished Creatures
  3 adders (D:2)
  6 orcs (D:2)
  5 ball pythons
  4 bats (D:2)
  2 endoplasms (D:2)
  4 giant cockroaches
  7 goblins
  5 hobgoblins
  3 jackals (D:2)
  2 kobolds (D:2)
  2 quokkas
  4 frilled lizards
  4 rats
51 creatures vanquished.

Vanquished Creatures (others)
  45 foxfires
45 creatures vanquished.

Grand Total: 96 creatures vanquished

Notes
Turn   | Place    | Note
-------+----------+-------------------------------------------
     0 | D:1      | JaaP the Hill Orc Cinder Acolyte began the quest for the
                  | Orb.
     0 | D:1      | Reached XP level 1. HP: 19/19 MP: 2/2
   193 | D:1      | Reached XP level 2. HP: 20/26 MP: 3/3
   775 | D:1      | Found a faded altar of an unknown god.
  1107 | D:1      | You fall into a shaft and drop 1 floor!
  1150 | D:2      | Noticed Terence
  1164 | D:1      | You fall into a shaft and drop 1 floor!
  1235 | D:2      | Reached XP level 3. HP: 33/33 MP: 4/4
  1304 | D:2      | Reached skill level 5 in Axes
  1304 | D:2      | Reached XP level 4. HP: 36/40 MP: 5/5
  1496 | D:2      | Killed from afar by an orc priest

Illustrated notes

Levels and vault maps discovered:
D:1:      ncdulo_halloftheorcs, layout_loops_ring,
          hellmonk_ecumenical_altar_inner_sanctum, minmay_cut_off
D:2:      kennysheep_six_static_rooms, layout_basic, serial_shops, shop,
          uniq_terence

Skill      XL: |  1  2  3 |
---------------+----------+-----
Fighting       | 4 |  4.4
Fire Magic     | 4 |  4.1
Axes           | 5 |  5.2
Armour         | |  0.4
Dodging        | |  0.2
Spellcasting   | |  1.0

Action                     |  1- 3 |  4- 6 || total
---------------------------+-------+-------++-------
  Melee: Hand axe          |    60 |    41 ||   101
         Punch             |     1 |       ||     1
 Invoke: Foxfire Swarm     |     5 |       ||     5
         Fiery Armour      |     5 |       ||     5
         Rising Flame      |     1 |       ||     1
    Use: Scroll            |     4 |     1 ||     5
 Armour: Robe              |    23 |       ||    23
         Leather armour    |    11 |    46 ||    57
  Dodge: Dodged            |    40 |    27 ||    67

Table legend: (Time is in decaauts)
 A = Elapsed time spent in this place.
 B = Non-inter-level travel time spent in this place.
 C = Inter-level travel time spent in this place.
 D = Time resting spent in this place.
 E = Time spent auto-exploring this place.
 F = Levels seen in this place.
 G = Mean time per level.
                   A        B        C        D        E       F      G
               +--------+--------+--------+--------+--------+-----+--------+
         Total |   1500 |    377 |   1123 |      0 |      0 |   2 |  750.0 |
       Dungeon |   1500 |    377 |   1123 |      0 |      0 |   2 |  750.0 |
               +--------+--------+--------+--------+--------+-----+--------+

Top non-repeatable levels by time:
     D:1: 1104 daAuts
     D:2: 396 daAuts
